 Dungeon Crawl Stone Soup version 0.32-a0-640-gc5db3fc80f (webtiles) character file.

Game seed: 7037741746637342418

81 gruber the Cutter (level 4, -6/23 HPs)
             Began as a Vine Stalker Fighter on Mar 7, 2024.
             Killed by divine providence
             ... invoked by an orc priest
              (9 damage)
             ... on level 2 of the Dungeon.
             The game lasted 00:01:34 (1454 turns).

gruber the Cutter (Vine Stalker Fighter)            Turns: 1454, Time: 00:01:36

Health: -6/23      AC:  6    Str: 18    XL:     4   Next: 42%
Magic:  0/5        EV:  9    Int:  8    God:
Gold:   96         SH:  5    Dex: 16    Spells: 3/3 levels left

rFire   . . .        a - +0 rapier
rCold   . . .        c - +0 buckler
rNeg    . . .        b - +0 scale mail
rPois   .            (no helmet)
rElec   .            (no cloak)
rCorr   .            (no gloves)
SInv    .            (no boots)
Will    .....        (no amulet) Stlth
                     (no ring)
HPRegen 1.03/turn    (no ring)
MPRegen 0.09/turn

%: guardian spirit
@: no status effects
A: fangs 2, regeneration 1, magic shield, antimagic bite, no potion heal 2
a: Convert to Beogh


You were on level 2 of the Dungeon.
You visited 1 branch of the dungeon, and saw 3 of its levels.

You collected 96 gold pieces.

Inventory:

Hand Weapons
 a - a +0 rapier (weapon)
 n - a +0 dagger of venom
Armour
 b - a +0 scale mail (worn)
 c - a +0 buckler (worn)
Scrolls
 e - 2 scrolls of identify {unknown}
 h - a scroll of brand weapon {unknown}
 j - 2 scrolls of enchant armour {unknown}
 k - a scroll of blinking {unknown}
Potions
 d - a potion of might
 f - 2 potions of resistance {unknown}
 g - a potion of curing {unknown}
 i - a potion of berserk rage {unknown}
 l - 2 potions of ambrosia {unknown}
 m - a potion of cancellation {unknown}


   Skills:
 - Level 2.6 Fighting
 + Level 4.1 Short Blades
 - Level 2.4 Armour
 - Level 2.6 Shields


You had 3 spell levels left.
You didn't know any spells.
Your spell library contained the following spells:

 Spells                   Type           Power      Damage    Failure   Level
 Lesser Beckoning         Tloc           0%         N/A       95%         2
 Static Discharge         Conj/Air       0%         3-3/arc   95%         2
 Gell's Gravitas          Tloc           0%         N/A       99%         3
 Teleport Other           Tloc           0%         N/A       99%         3
 Airstrike                Air            0%         2d(0-16)  100%        4
 Summon Lightning Spire   Summ/Air       0%         N/A       100%        4
 Dispersal                Tloc           0%         N/A       100%        6


Dungeon Overview and Level Annotations

Branches:
Dungeon (3/15)

Altars:
Vehumet


Innate Abilities, Weirdness & Mutations

You have extremely sharp teeth.
Your natural rate of healing is unusually fast.
When hurt, damage is shared between your health and your magic reserves.
Your bite disrupts and absorbs the magic of your enemies.
Potions cannot restore your health.


Message History

* * * LOW HITPOINT WARNING * * *
The hobgoblin zaps a wand.
Your will is overpowered!
You are confused.
There is a stone staircase leading up here.
The kobold shouts!
You hear an angry hiss.
You climb upwards.
There is a stone staircase leading down, spattered with blood here.
Unknown command.
Unknown command.
The orc priest barely misses you.
Things that are here:
a +0 leather armour; a +0 hand axe; an orc corpse The orc priest miscasts a cantrip.
Okay, then.
Unknown command.
You feel less confused.
The orc priest hits you but does no damage.
There is a stone staircase leading down, spattered with blood here.
You hit the orc priest.
The orc priest is moderately wounded.
The orc priest hits you but does no damage.
You hit the orc priest but do no damage.
You bite the orc priest, but do no damage.
The orc priest is moderately wounded.
The orc priest hits you with a +0 club.
You barely miss the orc priest. You bite the orc priest. You drain its power.
You feel invigorated.
The orc priest is severely wounded.
The orc priest hits you but does no damage.
You closely miss the orc priest.
The orc priest is severely wounded.
The orc priest shouts, "Beogh offers mercy even to people such as you.
Join us and be reborn!"
The orc priest mumbles some strange prayers to Beogh against you.
Beogh smites you!
* * * LOW HITPOINT WARNING * * *
You hit the orc priest.
The orc priest is almost dead.
The orc priest mumbles some strange prayers to Beogh against you.
Beogh smites you!
You die...

### ##.#### #......)......#.....
..####.############...######.....
....)..#.......#.....## #........
...#####.#####.#.#...# #.#.#####
#........##......#..## #...####
#.##.##...###..##...### #......##
#..#.###..............# #....#.#.
##.#.....#.....#)#.#.## #..#.#.#.
#.#######.#...o@[.#.#######.#.#.
#.### #.#.###[............#...
#...#####.#...#.#.##############
###.#.....#.#.#.#...#
#.....#.#.#...###.#
###.#.#.#########'####
######.#.#....##........#
#......#.#.##.##........#
#......'.#.##.##........#


You could see an orc priest.

Vanquished Creatures
  An orc wizard (D:2)
  2 adders (D:2)
  A ribbon worm (D:2)
  6 orcs
  3 endoplasms
  2 giant cockroaches
  2 hobgoblins (D:1)
  2 jackals (D:2)
  3 kobolds
  A quokka (D:1)
  A ball python (D:1)
  3 bats
  A frilled lizard (D:1)
  2 rats (D:1)
30 creatures vanquished.

Vanquished Creatures (others)
  An orc (D:3)
1 creature vanquished.

Grand Total: 31 creatures vanquished

Notes
Turn   | Place    | Note
-------+----------+-------------------------------------------
     0 | D:1      | gruber the Vine Stalker Fighter began the quest for the
                  | Orb.
     0 | D:1      | Reached XP level 1. HP: 11/11 MP: 2/2
    66 | D:1      | Reached skill level 2 in Short Blades
   247 | D:1      | Reached XP level 2. HP: 16/16 MP: 3/3
   982 | D:2      | Reached skill level 3 in Short Blades
   982 | D:2      | Reached XP level 3. HP: 19/19 MP: 4/4
  1315 | D:3      | Noticed an ice beast
  1315 | D:3      | Found a radiant altar of Vehumet.
  1379 | D:2      | Reached XP level 4. HP: 8/23 MP: 3/5
  1413 | D:2      | Reached skill level 4 in Short Blades
  1444 | D:3      | HP: 1/23 [orc priest/divine providence (10)]
  1454 | D:2      | Killed from afar by an orc priest

Illustrated notes

Levels and vault maps discovered:
D:1:      grunt_arrival_crossed_arrows, layout_basic, nicolae_figureground_pulse
D:2:      layout_basic, hex_medium
D:3:      corexii_shack_village, layout_rooms, nicolae_yredelemnul_corpse_copse,
          fiery_altar_vehumet, overflow_temple_1_default,
          gup_sewer_entry_spiral, dreamdust_ecumenical_altar_drowned_temple,
          serial_shops, shop, grunt_decor_one_mirror

Skill      XL: |  1  2  3  4 |
---------------+-------------+-----
Short Blades   | 2 3 4 |  4.1
Fighting       | |  2.6
Armour         | |  2.4
Shields        | |  2.6

Action                     |  1- 3 |  4- 6 || total
---------------------------+-------+-------++-------
  Melee: Rapier            |    71 |    35 ||   106
         Bite              |    22 |    10 ||    32
 Armour: Scale mail        |    45 |    38 ||    83
  Dodge: Dodged            |    25 |    26 ||    51
  Block: Buckler           |    13 |    10 ||    23

Table legend: (Time is in decaauts)
 A = Elapsed time spent in this place.
 B = Non-inter-level travel time spent in this place.
 C = Inter-level travel time spent in this place.
 D = Time resting spent in this place.
 E = Time spent auto-exploring this place.
 F = Levels seen in this place.
 G = Mean time per level.
                   A        B        C        D        E       F      G
               +--------+--------+--------+--------+--------+-----+--------+
         Total |   1463 |   1325 |    138 |     18 |   1077 |   3 |  487.7 |
       Dungeon |   1463 |   1325 |    138 |     18 |   1077 |   3 |  487.7 |
               +--------+--------+--------+--------+--------+-----+--------+

Top non-repeatable levels by time:
     D:1: 749 daAuts
     D:2: 684 daAuts
     D:3: 29 daAuts
